AoeStats
← Milo Thatch

Arabian Desert

510031300Analyzed
1v1 RM · 3d ago on Sep 29, 2026· 32m 37s· 2 players
Game mode
Random Map
Map size
Tiny (2 player)
Population
200
Speed
Normal
Resources
Standard
Victory
Conquest
Starting age
Dark Age
Ending age
Imperial Age
RankedLock teamsTeams togetherTeam positionsShared explorationLock speedFull tech treeHidden civsTurbo modeCheats
Victory
Defeat
🇨🇳 Huns · China
680
+18
🇺🇸 Mongols · United States
717
-31
76561199004763034
11:10 Feudal Age
17:22 Castle Age
22:04 Loom
23:55 Double-Bit Axe
28:49 Fletching
34:02 Imperial Age
Milo Thatch
5:14 Loom
12:30 Feudal Age
13:01 Horse Collar
13:08 Double-Bit Axe
17:57 Gold Mining
19:33 Fletching
19:43 Padded Archer Armor
20:51 Forging
23:08 Castle Age
24:31 Scale Mail Armor
27:23 Heavy Plow
26:50 Crossbowman
28:49 Iron Casting
28:10 Bodkin Arrow
28:30 Leather Archer Armor
29:31 Pikeman
30:37 Chain Mail Armor
31:15 Gold Shaft Mining
Connection lost

Rejoining the realm…

Still unreachable

The connection could not be restored.

Session expired

The server has moved on; the page needs a fresh start.